 Dungeon Crawl Stone Soup version 0.28-a0-1143-gcf6077d4cc (webtiles) character file.

Game seed: 14283192856351973062

273 ytrimaz the Shield-Bearer (level 6, -4/49 HPs)
             Began as a Formicid Fighter on Dec 13, 2021.
             Slain by a gnoll (6 damage)
             ... on level 4 of the Dungeon.
             The game lasted 00:03:05 (3525 turns).

ytrimaz the Shield-Bearer (Formicid Fighter)        Turns: 3525, Time: 00:03:06

Health: -4/49      AC:  8    Str: 23    XL:     6   Next: 48%
Magic:  6/6        EV:  9    Int:  7    God:
Gold:   369        SH: 10    Dex: 10    Spells: 5/5 levels left

rFire   . . .      SeeInvis +   a - +0 war axe
rCold   . . .      Faith    .   c - +0 buckler
rNeg    . . .      Spirit   .   b - +0 scale mail
rPois   .          Reflect  +   (helmet unavailable)
rElec   .          Harm     .   n - +0 cloak
rCorr   .          Rampage  .   (no gloves)
Will    .....                   (no boots)
Stlth   ..........              j - amulet of reflection
HPRegen 0.16/turn               (no ring)
MPRegen 0.10/turn               (no ring)

@: no status effects
A: permanent stasis, dig shafts and tunnels, antennae 3, four strong arms
a: Dig, Shaft Self


You were on level 4 of the Dungeon.
You visited 1 branch of the dungeon, and saw 4 of its levels.

You collected 933 gold pieces.
You spent 564 gold pieces at shops.

Inventory:

Hand Weapons
 a - a +0 war axe (weapon)
Armour
 b - a +0 scale mail (worn)
 c - a +0 buckler (worn)
 n - a +0 cloak (worn)
Jewellery
 j - an amulet of reflection (around neck)
 q - a ring of flight
Wands
 v - a wand of digging (6)
Scrolls
 f - a scroll of magic mapping
 h - a scroll of holy word
 i - a scroll of silence
 k - a scroll of enchant armour
 l - a scroll of enchant weapon
 m - a scroll of immolation
 p - 2 scrolls of torment
 s - a scroll of fear
 w - a scroll of noise {unknown}
Potions
 d - a potion of might
 e - a potion of mutation
 g - 3 potions of attraction
 o - 2 potions of curing
 r - 2 potions of brilliance
 t - a potion of magic {unknown}
 u - a potion of haste {unknown}
 x - 2 potions of degeneration {unknown}
 z - a potion of heal wounds {unknown}


   Skills:
 * Level 4.4 Fighting
 + Level 3.8 Axes
 * Level 4.6 Armour
 * Level 5.0 Shields


You had 5 spell levels left.
You didn't know any spells.
Your spell library contained the following spells:

 Spells                   Type           Power      Damage    Failure   Level
 Portal Projectile        Hex/Tloc       0%         N/A       98%         3
 Blade Hands              Tmut           0%         N/A       100%        5
 Excruciating Wounds      Necr           0%         N/A       100%        5


Dungeon Overview and Level Annotations

Branches:
Dungeon (4/15)
 Temple: D:4-7

Altars:

Annotations:
D:3 1 runed translucent door, Crazy Yiuf


Innate Abilities, Weirdness & Mutations

You cannot be hasted, slowed, berserked, paralysed or teleported.
You can dig through walls and to a lower floor.
You have a pair of large antennae on your head. (SInv)
Your four strong arms can wield two-handed weapons with a shield.


Message History

Unknown command.
You hit the centaur but do no damage.
The centaur is heavily wounded.
You slash the gnoll! You hit the gnoll but do no damage. The centaur hits you.
You block the centaur's attack. The gnoll hits you but does no damage.
The gnoll hits you with a +0 whip.
The gnoll hits you from afar with a +0 spear.
The centaur hits you.
The centaur kicks you but does no damage.
Unknown command.
You hit the gnoll.
The gnoll is moderately wounded.
You slash the gnoll! You hit the gnoll. You hit the centaur.
The centaur hits you. You block the centaur's attack.
The gnoll hits you with a +0 flail! You block the gnoll's attack.
The gnoll barely misses you.
The gnoll hits you from afar with a +0 spear.
The centaur closely misses you. The centaur kicks you.
Unknown command.
You slash the gnoll!
You kill the gnoll!
You hit the gnoll but do no damage. You hit the gnoll.
You kill the gnoll!
You slash the centaur! You block the gnoll's attack. The centaur hits you.
* * * LOW HITPOINT WARNING * * *
The centaur kicks you.
* * * LOW HITPOINT WARNING * * *
The gnoll closely misses you. The gnoll hits you but does no damage.
The centaur closely misses you.
The centaur kicks you but does no damage.
Your Shields skill increases to level 5!
Unknown command.
You completely miss the centaur.
The centaur is severely wounded.
You hit the gnoll but do no damage. The centaur hits you.
* * * LOW HITPOINT WARNING * * *
The centaur kicks you.
* * * LOW HITPOINT WARNING * * *
The gnoll hits you from afar with a +0 spear.
You die...

..........#
..........##.# ##..
..........##.# #....
...........#.## ##.....
...........#..###.......
...........#..##........
...........#..#.........
...........#..#.g)g.$...
..........#.....@c......
.................).....#
.........#####........##
......#### #.......##
..#### ##......# ..#
###.#.## ..# ###.# #.#
.. .


You could see a centaur and 2 gnolls.

Vanquished Creatures
  A black bear (D:4)
  An orc wizard (D:3)
  2 gnolls (D:4)
  7 adders
  2 dart slugs
  8 orcs (D:3)
  7 ball pythons
  4 endoplasms
  A giant cockroach (D:1)
  3 goblins
  8 hobgoblins
  6 kobolds
  3 quokkas
  2 bats
  3 frilled lizards (D:2)
  5 rats
63 creatures vanquished.

Notes
Turn   | Place    | Note
-------+----------+-------------------------------------------
     0 | D:1      | ytrimaz the Formicid Fighter began the quest for the Orb.
     0 | D:1      | Reached XP level 1. HP: 18/18 MP: 1/1
    92 | D:1      | Reached XP level 2. HP: 24/24 MP: 2/2
   140 | D:1      | Identified a scroll of acquirement
   199 | D:1      | Found Xaheneuha's Magic Scroll Shop.
   208 | D:1      | Acquired 868 gold pieces
   214 | D:1      | Bought a scroll of magic mapping for 42 gold pieces
   214 | D:1      | Bought a scroll of holy word for 90 gold pieces
   214 | D:1      | Bought a scroll of silence for 90 gold pieces
   214 | D:1      | Bought a scroll of identify for 24 gold pieces
   214 | D:1      | Bought a scroll of enchant armour for 90 gold pieces
   214 | D:1      | Bought 3 scrolls of identify for 72 gold pieces
   214 | D:1      | Bought a scroll of identify for 24 gold pieces
   214 | D:1      | Bought a scroll of enchant weapon for 90 gold pieces
   214 | D:1      | Bought a scroll of immolation for 42 gold pieces
   598 | D:1      | Reached skill level 4 in Shields
   614 | D:1      | Reached XP level 3. HP: 30/30 MP: 3/3
  1022 | D:2      | Found a faded altar of an unknown god.
  1582 | D:2      | Reached XP level 4. HP: 8/37 MP: 4/4
  2437 | D:3      | Reached XP level 5. HP: 35/42 MP: 5/5
  3034 | D:3      | Found a runed translucent door.
  3035 | D:3      | Noticed Crazy Yiuf
  3261 | D:4      | Noticed a black bear
  3275 | D:4      | Killed a black bear
  3276 | D:4      | Reached XP level 6. HP: 13/49 MP: 6/6
  3525 | D:4      | Reached skill level 5 in Shields
  3525 | D:4      | HP: 2/49 [centaur (3)]
  3525 | D:4      | Slain by a gnoll

Illustrated notes

Levels and vault maps discovered:
D:1:      eino_arrival_water_star, layout_basic, serial_shops,
          nicolae_shop_waterfront
D:2:      layout_basic, dreamdust_ecumenical_altar_statues
D:3:      layout_loops_corners, st_stairs_12, uniq_crazy_yiuf_cottage
D:4:      layout_cave_pods, kiku_gazebo_garden_becter, general_overflow_altar,
          grunt_temple_overflow_open

Skill      XL: |  1  2  3  4  5  6 |
---------------+-------------------+-----
Shields        | 4 5 |  5.0
Armour         | 4 |  4.6
Fighting       | 4 |  4.4
Axes           | 3 |  3.8

Action                   |  1- 3 |  4- 6 || total
-------------------------+-------+-------++-------
Melee: War axe           |    93 |    90 ||   183
 Abil: Dig               |       |     1 ||     1
  Use: Scroll            |     5 |     3 ||     8
       Potion            |       |     1 ||     1
Armor: Scale mail        |    41 |    44 ||    85
Dodge: Dodged            |    53 |    40 ||    93
Block: Buckler           |    28 |    62 ||    90
       Reflection        |       |     2 ||     2

Table legend: (Time is in decaauts)
 A = Elapsed time spent in this place.
 B = Non-inter-level travel time spent in this place.
 C = Inter-level travel time spent in this place.
 D = Time resting spent in this place.
 E = Time spent auto-exploring this place.
 F = Levels seen in this place.
 G = Mean time per level.
                   A        B        C        D        E       F      G
               +--------+--------+--------+--------+--------+-----+--------+
         Total |   3592 |   3497 |     95 |    356 |   2572 |   4 |  898.0 |
       Dungeon |   3592 |   3497 |     95 |    356 |   2572 |   4 |  898.0 |
               +--------+--------+--------+--------+--------+-----+--------+

Top non-repeatable levels by time:
     D:2: 1425 daAuts
     D:3: 1097 daAuts
     D:1: 764 daAuts
     D:4: 304 daAuts
